 Dungeon Crawl Stone Soup version 0.22.1-1-ga44c0e5 (webtiles) character file.

24318 Folque the Earth Mage (level 12, -1/103 HPs)
             Began as a Grey Draconian Earth Elementalist on Nov 3, 2018.
             Was a High Priest of Sif Muna.
             Slain by a seven-headed hydra (3 damage)
             ... on level 4 of the Lair of Beasts.
             The game lasted 01:04:48 (16948 turns).

Folque the Earth Mage (DrEE)                       Turns: 16948, Time: 01:04:50

Health: -1/103     AC: 14    Str: 10    XL:     12   Next: 79%
Magic:  14/21      EV: 12    Int: 23    God:    Sif Muna [*****.]
Gold:   1058       SH:  0    Dex: 13    Spells: 8/23 levels left

rFire    . . .     SeeInvis +   S - staff of energy
rCold    . . .     Gourm    .   (no shield)
rNeg     . . .     Faith    .   (armour unavailable)
rPois    .         Spirit   .   h - +0 hat {Int+3}
rElec    .         Reflect  .   (no cloak)
rCorr    .         Harm     .   k - +0 pair of gloves
MR       .....                  (no boots)
Stlth    ++........             N - amulet of magic regeneration
HPRegen  0.27/turn              A - ring of see invisible
MPRegen  0.42/turn              q - ring of wizardry

@: divine energy
A: walk through water, unfitting armour, unbreathing, cold-blooded, AC +13
a: Stop Divine Energy, Channel Magic, Forget Spell, Renounce Religion


You were on level 4 of the Lair of Beasts.
You worshipped Sif Muna.
Sif Muna was extremely pleased with you.
You were not hungry.

You visited 3 branches of the dungeon, and saw 16 of its levels.
You also visited: Volcano.

You collected 1058 gold pieces.

Inventory:

Hand Weapons
 g - a +0 dagger
 i - a +0 trident of venom
 u - a +0 falchion
 x - a cursed -2 falchion
 D - a +6 dire flail of draining
Missiles
 b - 300 stones (quivered)
 R - a throwing net
Armour
 h - a +0 hat of intelligence (worn)
 k - a +0 pair of gloves (worn)
 m - a +2 hat
Magical Staves
 S - an uncursed staff of energy (weapon)
 V - an uncursed staff of earth {unknown}
Jewellery
 q - a ring of wizardry (right hand)
 r - an uncursed amulet of guardian spirit {unknown}
 y - an uncursed ring of resist corrosion {unknown}
 A - a ring of see invisible (left hand)
 N - an amulet of magic regeneration (around neck)
Wands
 v - a wand of paralysis (9)
 G - a wand of polymorph (4)
 H - a wand of acid (6)
 Q - a wand of flame (34)
 Y - a wand of iceblast (9)
Scrolls
 a - 2 scrolls of teleportation
 d - 3 scrolls of identify
 l - 3 scrolls of fear {unknown}
 o - 4 scrolls of magic mapping {unknown}
 t - 4 scrolls of enchant armour {unknown}
 w - 8 scrolls of remove curse
 E - 4 scrolls of random uselessness {unknown}
 K - 2 scrolls of silence {unknown}
 L - 2 scrolls of enchant weapon {unknown}
 M - 2 scrolls of immolation {unknown}
 O - 2 scrolls of blinking {unknown}
 P - a scroll of vulnerability {unknown}
 T - a scroll of brand weapon {unknown}
 U - a scroll of torment {unknown}
 W - a scroll of noise {unknown}
 Z - a scroll of holy word {unknown}
Potions
 e - 4 potions of resistance {unknown}
 f - 4 potions of brilliance {unknown}
 j - 6 potions of flight
 n - a potion of haste {unknown}
 p - 3 potions of degeneration {unknown}
 s - 6 potions of lignification
 z - 5 potions of heal wounds
 B - 7 potions of curing
 C - 2 potions of mutation
 F - a potion of magic
 J - 3 potions of might
 X - a potion of berserk rage {unknown}
Comestibles
 c - 31 rations
 I - 7 chunks of flesh


   Skills:
 * Level 8.9 Fighting
 * Level 2.1 Dodging
 - Level 2.0 Stealth
 + Level 6.1 Spellcasting
 - Level 5.3 Conjurations
 - Level 4.2 Transmutations
 + Level 15.2 Earth Magic
 - Level 12.9 Invocations


You had 8 spell levels left.
You knew the following spells:

 Your Spells              Type           Power        Failure   Level  Hunger
a - Sandblast             Erth           ######       0%          1    None
b - Passwall              Tmut/Erth      ######..     1%          2    None
c - Stone Arrow           Conj/Erth      ######       1%          3    None
d - Lee's Rapid Deconstr  Erth           ######....   1%          5    None
e - Petrify               Tmut/Erth      ######..     1%          4    None

Your spell library contained the following spells:

 Spells                   Type           Power        Failure   Level  Hunger
 Beastly Appendage        Tmut           ####..       1%          1    None
 Shock                    Conj/Air       ###.         1%          1    None
 Sticks to Snakes         Tmut           ####....     1%          2    None
 Animate Skeleton         Necr           N/A          3%          1    None
 Apportation              Tloc           #.....       3%          1    None
 Confusing Touch          Hex            #.....       3%          1    None
 Summon Small Mammal      Summ           #...         3%          1    None
 Static Discharge         Conj/Air       ###.....     3%          3    None
 Spider Form              Tmut/Pois      ###.......   4%          3    None
 Swiftness                Chrm/Air       #.......     5%          2    None
 Ice Form                 Ice/Tmut       ###.....     14%         4    None
 Blade Hands              Tmut           ####......   16%         5    None
 Lightning Bolt           Conj/Air       ###.......   30%         5    None
 Airstrike                Air            #.........   32%         4    None


Dungeon Overview and Level Annotations

Branches:
Dungeon (11/15)            Temple (1/1) D:5            Lair (4/6) D:9
 Spider (0/4) Lair:3
  Swamp: Lair:2-4    Shoals: Lair:2-4       Orc: D:9-12

Altars:
Ashenzari
Cheibriados
Dithmenos
Elyvilon
Fedhas
Gozag
Hepliaklqana
Kikubaaqudgha
Makhleb
Nemelex Xobeh
Okawaru
Qazlal
Ru
Sif Muna
Trog
Uskayaw
Vehumet
Wu Jian
Xom
Yredelemnul
Zin
The Shining One

Shops:
D:4 [   D:5 :

Annotations:
D:11 Fannar


Innate Abilities, Weirdness & Mutations

You can walk through water.
Your dull iron-grey scales are very hard. (AC +13)
You cannot fit into any form of body armour.
You can survive without breathing.
You are cold-blooded and may be slowed by cold attacks.


Message History

The seven-headed hydra bites you but does no damage. x2
The seven-headed hydra bites you! x2
* * * LOW HITPOINT WARNING * * *
The seven-headed hydra closely misses you.
The seven-headed hydra bites you!
* * * LOW HITPOINT WARNING * * *
Casting: Petrify (safe; 1% risk of failure)
Confirm with . or Enter, or press ? or * to list all spells.
Aiming: Petrify (safe; 1% risk of failure)
Press: ? - help, Shift-Dir - straight line, f/p - seven-headed hydra
Aim: a seven-headed hydra (chance to defeat MR: 38%)
The seven-headed hydra resists with some effort.
The seven-headed hydra bites you!
* * * LOW HITPOINT WARNING * * *
The seven-headed hydra barely misses you.
The seven-headed hydra bites you.
* * * LOW HITPOINT WARNING * * *
The seven-headed hydra bites you but does no damage.
The seven-headed hydra bites you.
You die...

..P ##.# ... ##
###.### ..#
##.....####..#
#........#P.###
#..#...........
#.#..##..###.#
###..#####@.#
#.#.##
#D........
##...#
##..P####.
#...## #..##
##..# ..## #..#
###.. ##.##
##.#.### ##
#...#
##......##.###
#P.##
..........#.##


You could see a seven-headed hydra.

Vanquished Creatures
  Gastronok (Lair:3)
  A fire dragon (Volcano)
  A hydra (Lair:1)
  5 two-headed ogres
  Nergalle (Lair:3)
  Pikel (D:6)
  An ugly thing (D:10)
  3 salamanders (Volcano)
  A manticore (D:11)
  A black mamba (Lair:3)
  3 centaur zombies
  5 spiny frogs
  2 komodo dragons
  2 polar bears (Lair:1)
  4 trolls
  4 hippogriffs
  2 redbacks (Lair:3)
  Sigmund (D:6)
  A spriggan (D:7)
  7 wyverns
  2 steam dragons (Volcano)
  5 fire bats (Volcano)
  A hungry ghost (D:9)
  Edmund (D:6)
  Duvessa (D:6)
  4 water moccasins
  5 porcupines
  4 slaves (D:6)
  3 orc warriors
  2 sky beasts
  2 black bears
  A phantom (D:10)
  6 ice beasts
  A necrophage (D:9)
  8 ogres
  6 wolves
  10 centaurs
  8 crocodiles
  2 big kobolds
  5 bullfrogs
  Dowan (D:6)
  A water moccasin zombie (D:5)
  2 scorpions (D:6)
  10 killer bees
  5 wights (D:8)
  5 electric eels
  A bullfrog zombie (D:9)
  6 crimson imps
  3 bullfrog skeletons
  6 hounds
  4 jellies
  9 orc priests
  2 centaur skeletons
  5 iguanas
  Terence (D:2)
  8 worker ants
  7 orc wizards
  A hound zombie (D:5)
  3 worker ant zombies
  A howler monkey zombie (D:8)
  Robin (D:3)
  A howler monkey skeleton (D:7)
  3 gnolls (D:8)
  11 adders
  2 shadow imps
  2 oozes (D:4)
  An adder skeleton (D:9)
  A worm (D:4)
  A dart slug (D:1)
  9 leopard geckos
  37 orcs
  3 bats
  4 giant cockroaches
  28 goblins
  13 hobgoblins
  2 jackals (D:2)
  4 quokkas
  3 ball pythons
  4 frilled lizards (D:1)
  16 kobolds
  A leopard gecko skeleton (D:5)
  A quokka skeleton (D:4)
  5 rats
  6 plants
364 creatures vanquished.

Vanquished Creatures (others)
  A steam dragon (Volcano)
  22 plants
23 creatures vanquished.

Grand Total: 387 creatures vanquished

Notes
Turn   | Place    | Note
-------+----------+-------------------------------------------
     0 | D:1      | Folque the Draconian Earth Elementalist began the quest for
                  | the Orb.
     0 | D:1      | Reached XP level 1. HP: 14/14 MP: 3/3
   197 | D:1      | Reached XP level 2. HP: 18/20 MP: 5/5
   333 | D:1      | Learned a level 2 spell: Passwall
   509 | D:1      | Reached XP level 3. HP: 22/26 MP: 3/6
   519 | D:1      | Learned a level 3 spell: Stone Arrow
  1007 | D:2      | Reached skill level 4 in Earth Magic
  1127 | D:2      | Reached XP level 4. HP: 12/33 MP: 5/8
  1336 | D:2      | Reached skill level 1 in Conjurations
  1720 | D:2      | Noticed Terence
  1999 | D:2      | Found a faded altar of an unknown god.
  2771 | D:3      | Noticed Robin
  2799 | D:3      | Killed Robin
  2800 | D:3      | Reached XP level 5. HP: 31/38 MP: 3/10
  3032 | D:3      | Found a basalt altar of Yredelemnul.
  3128 | D:3      | Found a white marble altar of Elyvilon.
  3437 | D:4      | Learned a level 5 spell: Lee's Rapid Deconstruction
  3460 | D:4      | Noticed an ogre
  3932 | D:4      | Killed an ogre
  3932 | D:4      | Reached XP level 6. HP: 45/45 MP: 5/12
  4113 | D:4      | Reached skill level 5 in Earth Magic
  4284 | D:4      | Found Hoysch's Armour Shoppe.
  4300 | D:4      | Reached skill level 5 in Spellcasting
  4702 | D:5      | Entered Level 5 of the Dungeon
  4702 | D:5      | Noticed an ice beast
  4730 | D:5      | Found a stormy altar of Qazlal.
  4756 | D:5      | Noticed an ice beast
  4760 | D:5      | Killed an ice beast
  4760 | D:5      | Your scales start taking on a dull iron-grey colour.
  4760 | D:5      | Reached skill level 6 in Earth Magic
  4760 | D:5      | Reached XP level 7. HP: 50/50 MP: 6/15
  4760 | D:5      | Gained mutation: You can survive without breathing. [Grey
                  | Draconian growth]
  4891 | D:5      | Reached skill level 7 in Earth Magic
  4898 | D:5      | Learned a level 4 spell: Petrify
  4987 | D:5      | Found a shadowy altar of Dithmenos.
  4996 | D:5      | Found an opulent altar of Gozag.
  4997 | D:5      | Found a glowing silver altar of Zin.
  5029 | D:5      | Found Silemn's Book Shoppe.
  5122 | D:5      | Found a staircase to the Ecumenical Temple.
  5137 | Temple   | Entered the Ecumenical Temple
  5268 | Temple   | Became a worshipper of Sif Muna the Loreminder
  5551 | D:6      | Noticed Duvessa
  5555 | D:6      | Noticed Dowan
  5559 | D:6      | Reached skill level 8 in Earth Magic
  5559 | D:6      | Reached XP level 8. HP: 43/58 MP: 0/17
  5559 | D:6      | Reached skill level 1 in Fighting
  5560 | D:6      | Killed Duvessa
  5561 | D:6      | Noticed Sigmund
  5578 | D:6      | Killed Dowan
  5695 | D:6      | Noticed Edmund
  5711 | D:6      | Killed Edmund
  5750 | D:6      | Killed Sigmund
  5750 | D:6      | Reached * piety under Sif Muna
  5750 | D:6      | Reached skill level 9 in Earth Magic
  5997 | D:6      | Noticed Pikel
  6277 | D:6      | Killed Pikel
  6277 | D:6      | Reached skill level 10 in Earth Magic
  6406 | D:6      | Reached XP level 9. HP: 71/71 MP: 18/18
  6907 | D:7      | You fall through a shaft!
  7284 | D:8      | Reached ** piety under Sif Muna
  7724 | D:8      | Reached skill level 5 in Conjurations
  7748 | D:8      | Reached skill level 1 in Invocations
  8325 | D:8      | Found a glowing golden altar of the Shining One.
  8367 | D:8      | You fall through a shaft!
  8367 | D:9      | Noticed a troll
  8369 | D:9      | Reached skill level 11 in Earth Magic
  8570 | D:9      | Killed a troll
  8679 | D:9      | Reached XP level 10. HP: 78/78 MP: 12/19
  8701 | D:9      | Reached *** piety under Sif Muna
  8756 | D:9      | Reached skill level 5 in Invocations
  8975 | D:9      | Found a staircase to the Lair.
  9238 | D:10     | Entered Level 10 of the Dungeon
  9484 | D:10     | Noticed a two-headed ogre
  9499 | D:10     | Killed a two-headed ogre
  9499 | D:10     | Reached skill level 12 in Earth Magic
 10580 | D:11     | Noticed a manticore
 10582 | D:11     | Noticed a purple ugly thing
 10589 | D:11     | Killed a manticore
 10601 | D:10     | Killed a purple ugly thing
 10786 | D:11     | Noticed a two-headed ogre
 10789 | D:11     | Reached XP level 11. HP: 84/84 MP: 5/20
 10803 | D:11     | Killed a two-headed ogre
 11016 | D:11     | Reached skill level 10 in Invocations
 11032 | D:11     | Reached skill level 13 in Earth Magic
 11183 | D:11     | Reached **** piety under Sif Muna
 11479 | D:11     | Noticed Fannar
 12565 | D:2      | Killed Terence
 12722 | Lair:1   | Entered Level 1 of the Lair of Beasts
 12761 | Lair:1   | Noticed a seven-headed hydra
 12770 | Lair:1   | Killed a seven-headed hydra
 14274 | Lair:2   | Found a dark tunnel.
 14283 | Volcano  | Entered a volcano
 14293 | Volcano  | Reached skill level 14 in Earth Magic
 14355 | Volcano  | Noticed a two-headed ogre
 14371 | Volcano  | Killed a two-headed ogre
 14371 | Volcano  | Reached XP level 12. HP: 90/91 MP: 6/21
 14728 | Volcano  | Noticed a two-headed ogre
 14759 | Volcano  | Killed a two-headed ogre
 14759 | Volcano  | Reached skill level 5 in Fighting
 14853 | Volcano  | Noticed a fire dragon
 14853 | Volcano  | Noticed a two-headed ogre
 14869 | Volcano  | Killed a two-headed ogre
 14872 | Volcano  | Killed a fire dragon
 16015 | Lair:3   | Found a hole to the Spider Nest.
 16018 | Lair:3   | Noticed Nergalle
 16028 | Lair:3   | Reached ***** piety under Sif Muna
 16067 | Lair:3   | Killed Nergalle
 16067 | Lair:3   | Reached skill level 15 in Earth Magic
 16132 | Lair:3   | Noticed Gastronok
 16144 | Lair:3   | Killed Gastronok
 16944 | Lair:4   | Noticed a seven-headed hydra
 16948 | Lair:4   | HP: 4/103 [seven-headed hydra (15)]
 16948 | Lair:4   | Slain by a seven-headed hydra

Skill      XL: |  1  2  3  4  5  6  7  8  9 10 11 12 |
---------------+-------------------------------------+-----
Earth Magic    | 4 6 8 10 11 12 14 15 | 15.2
Conjurations   | 1 2 5 |  5.3
Spellcasting   | 3 4 5 6 |  6.1
Stealth        | 2 |  2.0
Fighting       | 3 4 8 |  8.9
Transmutations | 3 4 |  4.2
Dodging        | 2 |  2.1
Invocations    | 4 9 12 | 12.9

Action                   |  1- 3 |  4- 6 |  7- 9 | 10-12 || total
-------------------------+-------+-------+-------+-------++-------
Melee: Unarmed           |    60 |       |       |       ||    60
       Tailslap          |     8 |    23 |     9 |    14 ||    54
       Dagger            |    96 |   175 |       |       ||   271
       Falchion          |       |     9 |       |       ||     9
       Trident           |       |    13 |   119 |   105 ||   237
       Staff             |       |       |       |    19 ||    19
 Cast: Sandblast         |    12 |    23 |    36 |    97 ||   168
       Stone Arrow       |       |    25 |    63 |   134 ||   222
       Passwall          |       |     2 |     1 |       ||     3
       Lee's Rapid Decon |       |       |    20 |    81 ||   101
       Petrify           |       |       |     7 |    39 ||    46
Invok: Divine Energy     |       |       |     1 |       ||     1
       Channel Magic     |       |       |       |     3 ||     3
Evoke: Wand              |       |       |     1 |     1 ||     2
  Use: Scroll            |       |     1 |     1 |    12 ||    14
       Potion            |       |       |       |     3 ||     3
 Stab: Sleeping          |     6 |     3 |     3 |       ||    12
       Petrified         |       |       |    11 |    39 ||    50
       Paralysed         |       |       |     3 |     2 ||     5
       Petrifying        |       |       |       |     1 ||     1
  Eat: Chunk             |     1 |    14 |    16 |    32 ||    63
       Ration            |       |       |     2 |       ||     2
Armor: Skin              |    33 |    52 |    57 |    93 ||   235
Dodge: Dodged            |   101 |   121 |    84 |   137 ||   443
       Rpst.: Falchion   |       |     3 |       |       ||     3
